General information
- name: BNet
- type: Ladder team game (AT/RT)
- host: Battle.net
- saver: TALONSAREIMBA
map: Cherryville
- players: 8
- length: 32:23
- speed: Fast
- version: 1.24 W3XP
- replay type: Public
» download(251 KB)
Players
team 1 (winner)

»
TALONSAREIMBA (
purple | 131 APM | 4247 actions | 32:23)
8 Mountain King
3 Storm Bolt
3 Bash
1 Avatar
1 Thunder Clap
6 Paladin
3 Holy Light
3 Devotion Aura
» actions
| Assign group hotkey | 26 | |
| Basic commands | 332 | |
| Build / train | 110 | |
| ESC pressed | 1 | |
| Enter build submenu | 35 | |
| Enter hero's abilities submenu | 14 | |
| Give item / drop item | 3 | |
| Right click | 1713 | |
| Select / deselect | 1154 | |
| Select group hotkey | 718 | |
| Use ability | 140 | |
4247 total
» units
| Peasant | 14 | |
| Footman | 9 | |
| Goblin Shredder | 3 | |
| Gryphon Rider | 11 | |
37 total
» upgrades
| Masonry | 3 | |
| Swords | 3 | |
| Animal War Training | 1 | |
| Storm Hammers | 1 | |
| Armor | 3 | |
11 total
» buildings
| Altar of Kings | 1 | |
| Farm | 7 | |
| Barracks | 1 | |
| Scout Tower | 15 | |
| Lumber Mill | 2 | |
| Arcane Tower | 1 | |
| Arcane Vault | 1 | |
| Town Hall | 3 | |
| Keep | 1 | |
| Guard Tower | 7 | |
| Blacksmith | 1 | |
| Castle | 1 | |
| Gryphon Aviary | 2 | |
43 total
» build order
00:05 Altar of Kings
00:07 Farm
00:25 Barracks
00:30 Farm
01:42 Scout Tower
02:00 Lumber Mill
02:20 Arcane Tower
02:22 Lumber Mill
02:37 Farm
03:25 Arcane Vault
04:42 Town Hall
04:46 Scout Tower
05:07 Keep
05:13 Guard Tower
05:15 Scout Tower
05:34 Scout Tower
05:44 Guard Tower
05:51 Blacksmith
06:07 Guard Tower
06:07 Guard Tower
06:31 Farm
07:06 Farm
07:29 Castle
09:09 Gryphon Aviary
09:10 Gryphon Aviary
11:53 Farm
20:59 Town Hall
22:14 Farm
27:53 Scout Tower
27:54 Scout Tower
27:55 Scout Tower
27:56 Scout Tower
27:57 Scout Tower
28:33 Guard Tower
28:34 Scout Tower
28:35 Scout Tower
28:37 Scout Tower
29:14 Guard Tower
29:28 Scout Tower
29:29 Scout Tower
29:31 Scout Tower
30:21 Guard Tower
30:22 Town Hall
» items
| Scroll of Regeneration | 5 | |
| Potion of Healing | 10 | |
| Scroll of Town Portal | 8 | |
| Potion of Mana | 6 | |
| Lesser Clarity Potion | 3 | |
| Boots of Speed | 1 | |
| Potion of Lesser Invulnerability | 1 | |
| Orb of Fire | 1 | |
| Dust of Appearance | 1 | |
36 total

»
Machina24 (
red | 35 APM | 1126 actions | 32:22)
6 Blood Mage
3 Flame Strike
2 Siphon Mana
1 Summon Phoenix
» actions
| Basic commands | 138 | |
| Build / train | 61 | |
| Enter build submenu | 26 | |
| Enter hero's abilities submenu | 7 | |
| Give item / drop item | 1 | |
| Right click | 511 | |
| Select / deselect | 334 | |
| Use ability | 48 | |
1126 total
» units
| Peasant | 9 | |
| Footman | 4 | |
| Rifleman | 11 | |
| Mortar Team | 9 | |
| Siege Engine | 2 | |
35 total
» upgrades
| Gunpowder | 3 | |
| Lumber Harvesting | 1 | |
| Barrage | 1 | |
| Long Rifles | 1 | |
| Armor | 1 | |
7 total
» buildings
| Altar of Kings | 1 | |
| Farm | 14 | |
| Barracks | 1 | |
| Blacksmith | 1 | |
| Keep | 1 | |
| Lumber Mill | 1 | |
| Workshop | 4 | |
| Castle | 1 | |
| Scout Tower | 2 | |
| Guard Tower | 2 | |
| Arcane Vault | 1 | |
| Town Hall | 1 | |
30 total
» build order
00:06 Altar of Kings
00:09 Farm
00:11 Farm
00:49 Farm
00:53 Barracks
01:56 Blacksmith
02:13 Farm
02:58 Keep
04:02 Lumber Mill
04:09 Farm
04:12 Farm
04:50 Farm
05:44 Workshop
05:53 Workshop
05:59 Castle
06:57 Scout Tower
07:31 Guard Tower
08:34 Farm
09:17 Farm
10:36 Arcane Vault
11:57 Farm
12:14 Farm
12:48 Scout Tower
12:56 Farm
13:27 Guard Tower
19:47 Farm
19:48 Farm
20:03 Workshop
20:05 Workshop
20:40 Town Hall
» items
| Lesser Clarity Potion | 2 | |
| Potion of Healing | 3 | |
| Orb of Fire | 1 | |
| Scroll of Town Portal | 1 | |
| Orb of Corruption | 1 | |
8 total
muffinman2121 (
yellow | 76 APM | 2448 actions | 32:22)
4 Death Knight
2 Death Coil
2 Unholy Aura
4 Lich
2 Frost Nova
2 Dark Ritual
» actions
| Assign group hotkey | 51 | |
| Basic commands | 4 | |
| Build / train | 71 | |
| ESC pressed | 1 | |
| Enter build submenu | 27 | |
| Enter hero's abilities submenu | 8 | |
| Give item / drop item | 2 | |
| Remove unit from queue | 1 | |
| Right click | 902 | |
| Select / deselect | 438 | |
| Select group hotkey | 809 | |
| Use ability | 134 | |
2448 total
» units
| Acolyte | 11 | |
| Ghoul | 4 | |
| Crypt Fiend | 12 | |
| Obsidian Statue | 5 | |
| Abomination | 1 | |
33 total
» upgrades
| Creature Carapace | 3 | |
| Creature Attack | 4 | |
| Web | 1 | |
| Burrow | 1 | |
| Destroyer Form | 1 | |
10 total
» buildings
| Crypt | 3 | |
| Ziggurat | 14 | |
| Altar of Darkness | 1 | |
| Graveyard | 2 | |
| Tomb of Relics | 1 | |
| Halls of the Dead | 1 | |
| Slaughterhouse | 2 | |
| Black Citadel | 1 | |
| Spirit Tower | 3 | |
| Necropolis | 1 | |
29 total
» build order
00:16 Crypt
00:18 Ziggurat
00:27 Altar of Darkness
01:03 Graveyard
02:01 Tomb of Relics
02:05 Ziggurat
06:04 Halls of the Dead
06:17 Crypt
06:21 Crypt
07:42 Ziggurat
07:44 Ziggurat
07:48 Ziggurat
07:49 Ziggurat
07:51 Ziggurat
11:10 Graveyard
11:56 Slaughterhouse
12:02 Slaughterhouse
13:51 Black Citadel
16:26 Spirit Tower
20:39 Ziggurat
20:40 Ziggurat
20:41 Ziggurat
20:42 Ziggurat
21:10 Ziggurat
21:12 Ziggurat
21:17 Ziggurat
22:13 Spirit Tower
27:49 Spirit Tower
29:35 Necropolis
» items
| Rod of Necromancy | 2 | |
| Scroll of Town Portal | 2 | |
| Potion of Healing | 4 | |
| Potion of Mana | 3 | |
| Lesser Clarity Potion | 1 | |
12 total

»
SOLOALCH (
teal | 65 APM | 2092 actions | 32:22)
6 Death Knight
3 Death Coil
3 Unholy Aura
7 Lich
3 Frost Nova
3 Frost Armor
1 Death and Decay
1 Dreadlord
1 Sleep
» actions
| Assign group hotkey | 46 | |
| Basic commands | 5 | |
| Build / train | 106 | |
| Enter build submenu | 25 | |
| Enter hero's abilities submenu | 15 | |
| Give item / drop item | 5 | |
| Right click | 1188 | |
| Select / deselect | 433 | |
| Select group hotkey | 108 | |
| Use ability | 161 | |
2092 total
» units
| Acolyte | 8 | |
| Ghoul | 5 | |
| Necromancer | 8 | |
| Frost Wyrm | 10 | |
| Banshee | 3 | |
| Obsidian Statue | 6 | |
| Meatwagon | 3 | |
43 total
» upgrades
| Necromancer Training | 2 | |
| Freezing Breath | 2 | |
| Skeletal Mastery | 1 | |
| Skeletal Longevity | 1 | |
| Creature Attack | 3 | |
| Destroyer Form | 2 | |
| Exhume Corpses | 1 | |
| Creature Carapace | 2 | |
| Ghoul Frenzy | 1 | |
| Banshee Training | 2 | |
17 total
» buildings
| Necropolis | 1 | |
| Halls of the Dead | 2 | |
| Crypt | 1 | |
| Altar of Darkness | 1 | |
| Tomb of Relics | 1 | |
| Graveyard | 1 | |
| Ziggurat | 6 | |
| Black Citadel | 2 | |
| Sacrificial Pit | 1 | |
| Temple of the Damned | 1 | |
| Boneyard | 3 | |
| Slaughterhouse | 1 | |
21 total
» build order
00:21 Necropolis
00:43 Halls of the Dead
00:43 Halls of the Dead
01:04 Crypt
01:52 Altar of Darkness
02:29 Tomb of Relics
02:36 Graveyard
03:10 Ziggurat
03:43 Black Citadel
03:43 Black Citadel
05:18 Sacrificial Pit
05:24 Temple of the Damned
06:40 Boneyard
07:35 Ziggurat
09:51 Ziggurat
09:52 Ziggurat
10:10 Slaughterhouse
14:25 Ziggurat
16:03 Ziggurat
19:53 Boneyard
25:36 Boneyard
» items
| Rod of Necromancy | 4 | |
| Orb of Corruption | 1 | |
| Potion of Healing | 2 | |
| Scroll of Town Portal | 3 | |
| Potion of Lesser Invulnerability | 1 | |
| Scroll of Healing | 3 | |
| Periapt of Vitality | 1 | |
15 total
team 2 (loser)

»
Bab-Il (
green | 71 APM | 2285 actions | 32:22)
8 Blademaster
3 Critical Strike
1 Wind Walk
3 Mirror Image
1 Bladestorm
5 Shadow Hunter
3 Healing Wave
2 Serpent Ward
» actions
| Assign group hotkey | 45 | |
| Basic commands | 82 | |
| Build / train | 113 | |
| Enter build submenu | 36 | |
| Enter hero's abilities submenu | 13 | |
| Give item / drop item | 4 | |
| Right click | 850 | |
| Select / deselect | 407 | |
| Select group hotkey | 600 | |
| Use ability | 135 | |
2285 total
» units
| Peon | 17 | |
| Grunt | 4 | |
| Shaman | 13 | |
| Troll Witch Doctor | 15 | |
| Tauren | 20 | |
| Troll Batrider | 2 | |
71 total
» upgrades
| Melee Weapons | 3 | |
| Berserker Strength | 1 | |
| Armor | 3 | |
| Shaman Training | 2 | |
| Witch Doctor Training | 3 | |
| Pulverize | 1 | |
| Reinforced Defenses | 1 | |
| Spiked Barricades | 1 | |
| Liquid Fire | 1 | |
16 total
» buildings
| Altar of Storms | 1 | |
| Orc Burrow | 7 | |
| Barracks | 1 | |
| War Mill | 1 | |
| Stronghold | 3 | |
| Voodoo Lounge | 1 | |
| Great Hall | 2 | |
| Spirit Lodge | 2 | |
| Fortress | 2 | |
| Watch Tower | 15 | |
| Tauren Totem | 4 | |
| Beastiary | 1 | |
40 total
» build order
00:13 Altar of Storms
00:15 Orc Burrow
01:21 Barracks
01:36 Orc Burrow
02:07 War Mill
02:38 Stronghold
02:59 Voodoo Lounge
03:29 Orc Burrow
05:23 Great Hall
06:47 Spirit Lodge
06:56 Spirit Lodge
07:27 Fortress
07:27 Fortress
07:53 Orc Burrow
08:19 Watch Tower
09:34 Watch Tower
10:04 Tauren Totem
10:26 Tauren Totem
10:30 Watch Tower
11:50 Orc Burrow
12:43 Orc Burrow
13:50 Orc Burrow
16:24 Tauren Totem
16:27 Tauren Totem
16:32 Watch Tower
17:23 Watch Tower
17:29 Watch Tower
18:17 Watch Tower
19:23 Watch Tower
20:09 Watch Tower
21:16 Watch Tower
22:07 Watch Tower
25:29 Beastiary
26:17 Watch Tower
26:35 Watch Tower
26:43 Watch Tower
26:56 Watch Tower
29:23 Great Hall
32:14 Stronghold
32:14 Stronghold
» items
| Healing Salve | 4 | |
| Orb of Lightning | 1 | |
5 total
gold_de_dragon (
orange | 43 APM | 1388 actions | 31:57)
6 Blademaster
3 Wind Walk
2 Critical Strike
1 Bladestorm
» actions
| Assign group hotkey | 19 | |
| Build / train | 65 | |
| Enter build submenu | 26 | |
| Enter hero's abilities submenu | 7 | |
| Remove unit from queue | 2 | |
| Right click | 425 | |
| Select / deselect | 265 | |
| Select group hotkey | 492 | |
| Use ability | 87 | |
1388 total
» units
| Peon | 14 | |
| Grunt | 6 | |
| Wind Rider | 6 | |
| Troll Batrider | 10 | |
| Tauren | 4 | |
40 total
» upgrades
| Armor | 3 | |
| Ranged Weapons | 2 | |
| Witch Doctor Training | 2 | |
| Liquid Fire | 1 | |
8 total
» buildings
| Altar of Storms | 1 | |
| Orc Burrow | 5 | |
| Barracks | 1 | |
| Voodoo Lounge | 1 | |
| War Mill | 1 | |
| Stronghold | 1 | |
| Watch Tower | 6 | |
| Great Hall | 4 | |
| Beastiary | 2 | |
| Fortress | 1 | |
| Spirit Lodge | 1 | |
| Tauren Totem | 2 | |
26 total
» build order
00:07 Altar of Storms
00:10 Orc Burrow
00:30 Barracks
01:29 Orc Burrow
02:08 Voodoo Lounge
02:41 Orc Burrow
03:32 War Mill
05:11 Stronghold
05:26 Watch Tower
05:30 Watch Tower
05:59 Great Hall
06:19 Great Hall
06:41 Orc Burrow
07:55 Beastiary
07:58 Beastiary
11:20 Watch Tower
12:10 Fortress
12:22 Spirit Lodge
12:27 Watch Tower
18:27 Tauren Totem
18:31 Tauren Totem
19:26 Great Hall
25:05 Watch Tower
25:19 Great Hall
26:20 Watch Tower
28:36 Orc Burrow
» items
| Healing Salve | 3 | |
| Lesser Clarity Potion | 1 | |
| Orb of Lightning | 1 | |
| Potion of Healing | 1 | |
6 total

»
bac123456 (
blue | 31 APM | 792 actions | 25:46)
6 Keeper of the Grove
1 Entangling Roots
3 Force of Nature
1 Thorns Aura
1 Tranquility
» actions
| Assign group hotkey | 28 | |
| Basic commands | 44 | |
| Build / train | 76 | |
| Enter build submenu | 14 | |
| Enter hero's abilities submenu | 6 | |
| Give item / drop item | 6 | |
| Right click | 160 | |
| Select / deselect | 192 | |
| Select group hotkey | 213 | |
| Use ability | 53 | |
792 total
» units
| Wisp | 18 | |
| Huntress | 6 | |
| Dryad | 16 | |
| Druid of the Claw | 4 | |
44 total
» upgrades
| Strength of the Moon | 2 | |
| Strength of the Wild | 2 | |
| Moon Armor | 2 | |
| Reinforced Hides | 2 | |
| Ultravision | 1 | |
| Abolish Magic | 1 | |
| Druid of the Claw Training | 2 | |
| Mark of the Claw | 1 | |
13 total
» buildings
| Moon Well | 6 | |
| Hunter's Hall | 1 | |
| Altar of Elders | 2 | |
| Ancient of War | 1 | |
| Ancient Protector | 2 | |
| Tree of Ages | 1 | |
| Ancient of Lore | 2 | |
| Tree of Eternity | 1 | |
16 total
» build order
00:25 Moon Well
00:38 Hunter's Hall
01:35 Altar of Elders
01:40 Altar of Elders
02:02 Ancient of War
02:14 Moon Well
02:34 Ancient Protector
02:54 Ancient Protector
03:31 Moon Well
04:36 Tree of Ages
06:29 Moon Well
07:03 Ancient of Lore
07:06 Ancient of Lore
08:30 Moon Well
09:22 Tree of Eternity
12:10 Moon Well
» items
| Scroll of Regeneration | 1 | |
| Lesser Clarity Potion | 2 | |
| Healing Salve | 2 | |
| Orb of Lightning | 1 | |
| Potion of Lesser Invulnerability | 1 | |
7 total

»
jp5015 (
pink | 43 APM | 1385 actions | 31:55)
5 Paladin
2 Holy Light
1 Devotion Aura
2 Divine Shield
3 Archmage
1 Summon Water Elemental
2 Brilliance Aura
2 Blood Mage
1 Flame Strike
1 Banish
» actions
| Assign group hotkey | 43 | |
| Basic commands | 129 | |
| Build / train | 102 | |
| Enter build submenu | 34 | |
| Enter hero's abilities submenu | 11 | |
| Remove unit from queue | 2 | |
| Right click | 154 | |
| Select / deselect | 592 | |
| Select group hotkey | 251 | |
| Use ability | 67 | |
1385 total
» units
| Peasant | 18 | |
| Rifleman | 19 | |
| Priest | 15 | |
| Mortar Team | 7 | |
| Siege Engine | 8 | |
67 total
» upgrades
| Gunpowder | 3 | |
| Armor | 3 | |
| Long Rifles | 1 | |
| Priest Training | 2 | |
| Fragmentation Shards | 1 | |
| Barrage | 1 | |
11 total
» buildings
| Altar of Kings | 1 | |
| Farm | 12 | |
| Barracks | 1 | |
| Blacksmith | 1 | |
| Lumber Mill | 1 | |
| Scout Tower | 10 | |
| Guard Tower | 7 | |
| Keep | 1 | |
| Arcane Vault | 1 | |
| Workshop | 1 | |
| Arcane Sanctum | 1 | |
| Castle | 1 | |
| Town Hall | 2 | |
40 total
» build order
00:06 Altar of Kings
00:28 Farm
01:13 Farm
01:41 Barracks
01:51 Blacksmith
02:13 Farm
02:59 Farm
03:14 Lumber Mill
03:37 Farm
03:47 Scout Tower
04:18 Farm
04:34 Guard Tower
05:15 Farm
06:23 Keep
06:50 Arcane Vault
08:23 Farm
08:56 Workshop
09:04 Farm
09:10 Arcane Sanctum
10:02 Castle
10:19 Farm
11:11 Farm
11:32 Town Hall
11:48 Scout Tower
14:27 Scout Tower
14:52 Farm
18:11 Guard Tower
23:23 Town Hall
25:17 Scout Tower
25:19 Scout Tower
25:34 Scout Tower
26:12 Guard Tower
26:14 Guard Tower
26:17 Scout Tower
27:12 Guard Tower
27:55 Scout Tower
28:27 Scout Tower
28:42 Guard Tower
28:48 Scout Tower
29:12 Guard Tower
Chat log
(00:23 / Allies) Machina24: rifles to siege
(00:33 / Allies) SOLOALCH: wood
(00:47 / Allies) SOLOALCH: ty
(00:55 / Allies) TALONSAREIMBA: big zig?
(01:00 / Allies) SOLOALCH: yup
(01:06 / Allies) TALONSAREIMBA: aka?
(01:11 / Allies) SOLOALCH: kbar.
(01:27 / Allies) muffinman2121: why are you making two necropolis?
(01:36 / Allies) TALONSAREIMBA: hes ok
(01:40 / Allies) TALONSAREIMBA: dont worry about it
(01:41 / Allies) SOLOALCH: fast tech
(01:44 / Allies) muffinman2121: ...
(01:45 / Allies) SOLOALCH: big zig
(01:47 / Allies) SOLOALCH: as purp said
(04:37 / Allies) SOLOALCH: why did u post a replay of urself losing
(04:50 / Allies) TALONSAREIMBA: honeyblunt and his friends suck
(06:24 / Allies) TALONSAREIMBA: oj is expoing bot
(07:08 / Allies) TALONSAREIMBA: hey creep the lab
(07:14 / Allies) TALONSAREIMBA: i want shredder
(07:24 / Allies) SOLOALCH: ok
(09:45 / Allies) muffinman2121: WOOD PLS
(11:37 / Allies) TALONSAREIMBA: he has wyvs though
(11:41 / Allies) TALONSAREIMBA: like 4
(11:46 / Allies) Machina24: i have tanks
(11:49 / Allies) Machina24: like 3
(11:59 / Allies) SOLOALCH: pink mass rifle
(12:29 / Allies) SOLOALCH: gogo
(14:16 / Allies) SOLOALCH: i b
(16:06 / All) muffinman2121: WOW
(16:08 / All) muffinman2121: TEAL
(16:14 / All) muffinman2121: jesus christ
(16:42 / Allies) TALONSAREIMBA: could use help teal
(16:56 / Allies) SOLOALCH: op no tp
(16:58 / Allies) SOLOALCH: buying one
(17:04 / Allies) SOLOALCH: turtle for a bit
(19:13 / Allies) SOLOALCH: go for hero
(19:14 / Allies) SOLOALCH: try tp
(19:18 / Allies) SOLOALCH: blue no tp
(19:21 / Allies) Machina24: i will
(19:33 / All) TALONSAREIMBA: u all suck
(20:11 / Allies) muffinman2121: back
(22:02 / Allies) SOLOALCH: we have to leave it
(22:15 / Allies) SOLOALCH: will tp to yellow
(23:46 / Allies) SOLOALCH: unburrow
(23:48 / Allies) SOLOALCH: wtf
(25:52 / All) Machina24: owned
(25:58 / Allies) SOLOALCH: nice carry
(26:03 / Allies) Machina24: yup
(27:21 / All) TALONSAREIMBA: giant dicks everywhere
(29:01 / All) TALONSAREIMBA: u cant basetrade
(29:05 / All) TALONSAREIMBA: when my whole army will rape u
(29:07 / All) TALONSAREIMBA: fyi
(29:22 / All) SOLOALCH: sup ink
(29:24 / All) SOLOALCH: pink
(29:43 / All) SOLOALCH: green
(29:46 / All) SOLOALCH: sup
(30:02 / All) SOLOALCH: sup green
(30:32 / All) TALONSAREIMBA: I have 3 expos
(30:36 / All) TALONSAREIMBA: time to cry
(30:54 / All) TALONSAREIMBA: rofl oj
(31:05 / All) SOLOALCH: anybody like nukes?
(31:25 / All) SOLOALCH: pink does